 Dungeon Crawl Stone Soup version 0.15-b1-75-g4bcc167 (webtiles) character file.

16575 Kae the Bludgeoner (level 12, -1/104 HPs)
             Began as a Minotaur Fighter on Aug 14, 2014.
             Was a High Priest of Qazlal.
             Slain by an enormous slime creature (62 damage)
             ... on Level 12 of the Dungeon.
             The game lasted 00:24:35 (13760 turns).

Kae the Bludgeoner (Minotaur Fighter)              Turns: 13760, Time: 00:24:35

HP  -1/104       AC 17     Str 24      XL: 12   Next: 11%
MP  31/31        EV  9     Int  7      God: Qazlal [*****.]
Gold 387         SH  7     Dex 10      Spells:  0 memorised, 11 levels left

rFire  . . .     SeeInvis .     a - +1 dire flail
rCold  . . .     Clarity  .     x - +0 scale mail
rNeg   . . .     rCorr    +     (no shield)
rPois  .         rRot     .     (helmet restricted)
rElec  .         Spirit   .     (no cloak)
SustAb .         Warding  .     (no gloves)
rMut   .         Stasis   .     R - +0 pair of boots
Gourm  .                        w - amulet of resist corrosion
MR     .....                    o - +5 ring of protection
                                y - ring of magical power

@: protected from physical damage, repel missiles, not resistant to hostile
enchantments, extremely unstealthy
A: retaliatory headbutt, horns 2, spit poison 1
a: Spit Poison, Upheaval, Elemental Force, Disaster Area, Renounce Religion


You were on level 12 of the Dungeon.
You worshipped Qazlal.
Qazlal was extremely pleased with you.
You were hungry.

You visited 2 branches of the dungeon, and saw 13 of its levels.

You collected 436 gold pieces.
You spent 49 gold pieces at shops.

Inventory:

Hand weapons
 a - a +1 dire flail (weapon)
 b - the +4 blowgun "Casezynn" {speed, SInv Stlth-}
   (You took it off a goblin on level 4 of the Dungeon)

   Attacks with this weapon are significantly faster.
   It enhances your eyesight.
   It makes you less stealthy.
 N - a +1 flail of freezing
Missiles
 C - 6 poisoned needles
Armour
 x - a +0 scale mail (worn)
 R - a +0 pair of boots (worn)
Magical devices
 c - a wand of lightning (4)
 f - a wand of frost (12)
 t - a wand of flame (4)
 A - a wand of slowing (7) {unknown}
 B - a wand of cold (5)
 E - a wand of random effects (5) {unknown}
 I - a wand of cold (8)
 J - a wand of disintegration (13)
 L - a wand of cold (7)
 O - a wand of magic darts (0)
 P - a wand of frost (13)
 S - a wand of enslavement (14)
Comestibles
 d - 11 bread rations
 j - 2 beef jerkies
 n - 5 meat rations
 p - a royal jelly
Scrolls
 g - a scroll of identify
 h - 2 scrolls of enchant armour
 k - 3 scrolls of amnesia
 l - 7 scrolls of remove curse
 r - a scroll of blinking
 v - a scroll of immolation
 F - a scroll of teleportation
 Q - a scroll of noise {unknown}
 T - a scroll of magic mapping
Jewellery
 o - a +5 ring of protection (right hand)
 q - an uncursed ring of protection from cold
 w - an amulet of resist corrosion (around neck)
 y - a ring of magical power (left hand)
 K - a +3 ring of intelligence
 M - an uncursed ring of sustain abilities
Potions
 e - 4 potions of curing
 i - 3 potions of restore abilities
 m - a potion of mutation
 s - 3 potions of cancellation
 z - a potion of agility
 D - 2 potions of berserk rage
 G - a potion of haste {unknown}
 H - a potion of heal wounds
Books
 u - a book of Fire

   Spells                             Type                      Level
   Ignite Poison                      Fire/Transmutation           5
   Fireball                           Conjuration/Fire             5
   Bolt of Fire                       Conjuration/Fire             6
   Delayed Fireball                   Conjuration/Fire             7
   Ring of Flames                     Charms/Fire                  7
 U - a book of Maledictions

   Spells                             Type                      Level
   Corona                             Hexes                        1
   Sure Blade                         Hexes/Charms                 2
   Ensorcelled Hibernation            Hexes/Ice                    2
   Confuse                            Hexes                        3
   Dazzling Spray                     Conjuration/Hexes            3
   Enslavement                        Hexes                        4


   Skills:
 + Level 9.0 Fighting
 - Level 16.0 Maces & Flails
 + Level 9.1 Armour
   Level 3.6 Shields
 * Level 10.2 Invocations


You had 11 spell levels left.
You didn't know any spells.

Dungeon Overview and Level Annotations

Branches:
Dungeon (12/15)            Temple (1/1) D:4             Orc (0/4) D:9
   Lair (0/8) D:8

Altars:
Ashenzari
Dithmenos
Elyvilon
Fedhas
Makhleb
Nemelex Xobeh
Okawaru
Qazlal
Sif Muna
Trog
Vehumet
Xom
Yredelemnul
Zin
The Shining One

Shops:
D:7 [   D:9 *


Innate Abilities, Weirdness & Mutations

You reflexively headbutt those who attack you in melee.
You have a pair of horns on your head.
You can spit poison.


Message History

Your headbutt misses the enormous slime creature.
The enormous slime creature is moderately wounded.
Unknown command.
You hit the enormous slime creature.
The enormous slime creature is moderately wounded.
You completely miss the enormous slime creature.
The enormous slime creature is moderately wounded.
Unknown command.
You hit the enormous slime creature.
The enormous slime creature is moderately wounded.
The enormous slime creature hits you!!!
You feel protected from physical attacks.
You hit the enormous slime creature.
The enormous slime creature is moderately wounded.
Unknown command.
You puncture the enormous slime creature!
The enormous slime creature is moderately wounded.
The enormous slime creature hits you!!!
Ouch! That really hurt!
You die...

..........'......+.....#
###..##..##########...#
##..##'######### #+###
+...............
##..##..########
#####§.##..# #####
.......)...+ ...
##.###'##..# #J# #
##.###.###+#####@##.##
.....(..........§....#
#..########.##.#..#.##
#..########.##+#### #
......'....'...#
################


You could see an enormous slime creature.

Vanquished Creatures
  A hydra (D:11)
  The ghost of N0Skill the Fighter, an experienced FoEE of Xom (D:9)
  Erica (D:11)
  3 unseen horrors
  A manticore (D:11)
  Joseph (D:7)
  A gargoyle (D:10)
  2 kobold demonologists (D:12)
  4 two-headed ogres
  5 trolls
  A freezing wraith (D:11)
  A red wasp zombie (D:10)
  A blue devil (D:12)
  An air elemental (D:11)
  A spriggan (D:7)
  A deep elf mage (D:11)
  5 hungry ghosts
  Eustachio (D:5)
  A hill giant zombie (D:9)
  A hippogriff (D:8)
  2 water moccasins
  A mottled dragon (D:10)
  3 wolves (D:8)
  A sky beast (D:6)
  3 phantoms
  4 ice beasts
  5 ogres
  2 yellow wasps
  Duvessa (D:5)
  10 centaurs
  7 giant frogs
  Blork the orc (D:7)
  3 big kobolds
  A wyvern zombie (D:7)
  7 scorpions
  3 troll zombies (D:9)
  10 killer bees
  17 wights
  A hippogriff skeleton (D:5)
  10 crimson imps
  An electric eel (D:8)
  2 goliath beetles
  Dowan (D:5)
  4 hounds
  7 jellies
  9 orc wizards
  2 iguanas
  4 orc priests
  A kobold skeleton (D:9)
  A basilisk zombie (D:11)
  An elf zombie (D:8)
  A black bear skeleton (D:6)
  A giant frog skeleton (D:9)
  6 worker ants
  4 ogre zombies (D:9)
  Ijyb (D:3)
  A hound zombie (D:5)
  8 gnolls
  A shadow imp (D:10)
  11 adders
  2 worms
  A gnoll skeleton (D:5)
  17 orc zombies
  9 giant geckos
  2 oozes
  27 orcs
  5 ball pythons
  A giant cockroach (D:3)
  15 goblins
  13 hobgoblins
  19 jackals
  7 quokkas
  10 bats
  A giant gecko skeleton (D:4)
  8 giant newts
  A giant spore (D:9)
  A goblin skeleton (D:9)
  A hobgoblin skeleton (D:9)
  5 hobgoblin zombies
  23 kobolds
  3 orc skeletons (D:9)
  A quokka skeleton (D:10)
  12 rats
  A rat skeleton (D:5)
  4 ballistomycetes (D:9)
382 creatures vanquished.

Vanquished Creatures (collateral kills)
  A hill giant (D:11)
1 creature vanquished.

Vanquished Creatures (others)
  A troll (D:9)
  A jelly (D:9)
2 creatures vanquished.

Grand Total: 385 creatures vanquished

Notes
Turn   | Place    | Note
--------------------------------------------------------------
     0 | D:1      | Kae, the Minotaur Fighter, began the quest for the Orb.
     0 | D:1      | Reached XP level 1. HP: 19/19 MP: 1/1
    80 | D:1      | Reached XP level 2. HP: 15/26 MP: 1/1
   523 | D:1      | Reached skill level 4 in Maces & Flails
   966 | D:2      | Reached XP level 3. HP: 28/31 MP: 2/2
  1015 | D:2      | Found a sparkling altar of Nemelex Xobeh.
  1132 | D:2      | Reached skill level 5 in Maces & Flails
  1221 | D:2      | Reached XP level 4. HP: 30/39 MP: 2/2
  1666 | D:3      | Noticed Ijyb
  1680 | D:3      | Killed Ijyb
  1680 | D:3      | Reached skill level 6 in Maces & Flails
  1830 | D:3      | Reached XP level 5. HP: 45/45 MP: 2/2
  2167 | D:3      | Found a shadowy altar of Dithmenos.
  2167 | D:3      | Found a basalt altar of Yredelemnul.
  2480 | D:4      | Found a staircase to the Ecumenical Temple.
  2601 | Temple   | Entered the Ecumenical Temple
  2680 | Temple   | Became a worshipper of Qazlal Stormbringer
  2735 | D:4      | Got an iridescent blowgun
  2736 | D:4      | Identified the +4 blowgun "Casezynn" {speed, SInv Stlth-} (You took it off a goblin on level 4 of the Dungeon)
  2765 | D:4      | Noticed an ice beast
  2774 | D:4      | Killed an ice beast
  2774 | D:4      | Reached skill level 7 in Maces & Flails
  2774 | D:4      | Reached XP level 6. HP: 31/51 MP: 3/3
  2875 | D:4      | Reached skill level 8 in Maces & Flails
  3080 | D:4      | Found a bloodstained altar of Trog.
  3634 | D:4      | Acquired Qazlal's first power
  3687 | D:5      | Entered Level 5 of the Dungeon
  3701 | D:5      | Found an iron altar of Okawaru.
  3710 | D:5      | Reached skill level 9 in Maces & Flails
  3763 | D:5      | Reached XP level 7. HP: 43/57 MP: 3/3
  4113 | D:5      | Noticed Eustachio
  4156 | D:5      | Killed Eustachio
  4156 | D:5      | Reached skill level 10 in Maces & Flails
  4401 | D:5      | Acquired Qazlal's second power
  4446 | D:5      | Reached skill level 11 in Maces & Flails
  4446 | D:5      | Reached XP level 8. HP: 58/64 MP: 3/3
  4834 | D:5      | Noticed Duvessa
  4834 | D:5      | Noticed Dowan
  4844 | D:5      | Killed Dowan
  4848 | D:5      | Killed Duvessa
  5014 | D:6      | Reached skill level 12 in Maces & Flails
  5173 | D:6      | Reached skill level 13 in Maces & Flails
  5405 | D:6      | Found a shimmering altar of Xom.
  5410 | D:6      | Found a shimmering altar of Xom.
  5411 | D:6      | Found a shimmering altar of Xom.
  5413 | D:6      | Found a shimmering altar of Xom.
  5655 | D:7      | Found a blossoming altar of Fedhas.
  5656 | D:7      | Noticed Joseph
  5671 | D:7      | Killed Joseph
  5671 | D:7      | Reached XP level 9. HP: 38/70 MP: 4/4
  5793 | D:7      | Reached skill level 14 in Maces & Flails
  5901 | D:7      | Acquired Qazlal's third power
  6224 | D:7      | Found Macsa Bui's Armour Emporium.
  6256 | D:7      | Found a burning altar of Makhleb.
  6287 | D:7      | Found a radiant altar of Vehumet.
  6311 | D:7      | Noticed Blork the orc
  6324 | D:7      | Reached skill level 15 in Maces & Flails
  6339 | D:7      | Killed Blork the orc
  6798 | D:7      | Reached skill level 16 in Maces & Flails
  7037 | D:8      | Reached skill level 1 in Invocations
  7037 | D:8      | Reached XP level 10. HP: 60/78 MP: 4/6
  7144 | D:8      | Acquired Qazlal's fourth power
  7387 | D:8      | Found a shattered altar of Ashenzari.
  7626 | D:8      | Reached skill level 5 in Fighting
  7842 | D:8      | Found a staircase to the Lair.
  8580 | D:9      | Gained mutation: You can spit poison. [potion of beneficial mutation]
  8645 | D:9      | Reached skill level 5 in Armour
  8665 | D:9      | Found a staircase to the Orcish Mines.
  8759 | D:9      | Reached skill level 5 in Invocations
  8836 | D:9      | Acquired Qazlal's fifth power
  9315 | D:9      | Noticed N0Skill's ghost (experienced FoEE)
  9329 | D:9      | Killed N0Skill's ghost
  9329 | D:9      | Reached XP level 11. HP: 48/91 MP: 17/17
  9388 | D:9      | Killed an unseen horror
  9751 | D:9      | Found Wan Utu's General Store.
  9789 | D:9      | Bought a scroll of immolation for 49 gold pieces
 10126 | D:10     | Entered Level 10 of the Dungeon
 10443 | D:10     | Killed an unseen horror
 11257 | D:11     | Noticed a six-headed hydra
 11279 | D:11     | Killed a six-headed hydra
 11634 | D:11     | Noticed Erica
 11640 | D:11     | Noticed a hill giant
 11647 | D:11     | Killed a hill giant
 12111 | D:11     | Killed an unseen horror
 12211 | D:11     | Killed Erica
 13340 | D:12     | Reached XP level 12. HP: 103/103 MP: 22/22
 13364 | D:12     | Reached skill level 10 in Invocations
 13760 | D:12     | Slain by an enormous slime creature

Action                   |  1- 3 |  4- 6 |  7- 9 | 10-12 || total
-------------------------+-------+-------+-------+-------++-------
Melee: Flail             |    91 |   215 |   357 |       ||   663
       Dire flail        |       |       |    13 |   556 ||   569
 Fire: Blowgun           |       |     1 |     1 |     6 ||     8
Invok: Elemental Force   |       |       |       |     1 ||     1
 Abil: Spit Poison       |       |       |       |     1 ||     1
Evoke: Wand              |       |       |     2 |     6 ||     8
  Use: Potion            |     1 |     1 |     1 |     8 ||    11
       Scroll            |       |       |    20 |     5 ||    25
 Stab: Invisible         |       |       |       |     5 ||     5
  Eat: Chunk             |     1 |     7 |    10 |    17 ||    35
       Pizza             |       |       |     1 |       ||     1
       Bread ration      |       |       |       |     1 ||     1
       Beef jerky        |       |       |       |     1 ||     1
